 Dungeon Crawl Stone Soup version 0.26.0-10-g1f06aea511 (webtiles) character file.

Game seed: 14181749522241493376

43 Dracia the Cutter (level 3, -2/19 HPs)
             Began as a Kobold Enchanter on Jan 18, 2021.
             Slain by an adder (5 damage)
             ... on level 2 of the Dungeon.
             The game lasted 00:01:55 (1565 turns).

Dracia the Cutter (Kobold Enchanter)                Turns: 1565, Time: 00:01:55

Health: -2/19      AC:  2    Str:  5    XL:     3   Next: 82%
Magic:  0/6        EV: 15    Int: 16    God:
Gold:   107        SH:  0    Dex: 16    Spells: 3/6 levels left

rFire    . . .     SeeInvis .   a - +1 dagger
rCold    . . .     Faith    .   (shield restricted)
rNeg     . . .     Spirit   .   b - +0 robe
rPois    .         Reflect  .   (no helmet)
rElec    .         Harm     .   (no cloak)
rCorr    .         Rampage  .   (no gloves)
Will     .....                  (no boots)
Stlth    ++++......             (no amulet)
HPRegen  0.06/turn              (no ring)
MPRegen  0.10/turn              (no ring)

@: lethally poisoned (-2 -> -5), attractive
A: small, nightstalker 3
a: no special abilities


You were on level 2 of the Dungeon.
You visited 1 branch of the dungeon, and saw 2 of its levels.

You collected 107 gold pieces.


Innate Abilities, Weirdness & Mutations

You are small and have problems with some larger weapons.
You are completely attuned to the shadows.


   Skills:
 * Level 4.5 Short Blades
 - Level 2.4 Dodging
 - Level 4.0 Stealth
 - Level 2.1 Spellcasting
 - Level 3.0 Hexes


You had 3 spell levels left.
You knew the following spells:

 Your Spells              Type           Power        Failure   Level
x - Ensorcelled Hibernat  Hex/Ice        12%          17%         2
z - Corona                Hex            12%          6%          1

Your spell library contained the following spells:

 Spells                   Type           Power        Failure   Level
 Confusing Touch          Hex            11%          19%         3
 Tukima's Dance           Hex            11%          19%         3
 Dazzling Flash           Conj/Hex       12%          32%         3

Inventory:

Hand Weapons
 a - a +1 dagger (weapon)
Armour
 b - a +0 robe (worn)
Scrolls
 c - a scroll of random uselessness {unknown}
 d - a scroll of magic mapping {unknown}
 f - a scroll of amnesia {unknown}
 g - 2 scrolls of enchant weapon {unknown}
 h - a scroll of fog {unknown}
Potions
 i - a potion of attraction

Dungeon Overview and Level Annotations

Branches:
Dungeon (2/15)

Altars:

##+#+## ##.....#
#......# ###....).#
#........######
#.###.........#
..#@# #########.#
#.#S# #.....#
#########.#K##
#.#####
#.......#....# #<#
#.###....#...# ###
######'###.#....#)#
#..........##.###.#
..........K##.....#
.######....########


You could see an adder and a kobold.


Message History

The adder closely misses you. The adder bites you.
The adder barely misses you. x2
Unknown command.
The adder looks drowsy...
The helpless adder fails to defend itself.
You impale the adder!!
You kill the adder!
The adder bites you.
You are poisoned.
The adder poisons you!
Okay, then.
It was a potion of attraction.
You feel attractive to monsters.
You feel sick. The adder bites you.
* * * LOW HITPOINT WARNING * * *
You hit the adder.
The adder is lightly wounded.
The adder closely misses you.
You hit the adder but do no damage.
The adder is lightly wounded.
The adder closely misses you.
You miss the adder.
The adder is lightly wounded.
You feel sick. The adder bites you.
* * * LOW HITPOINT WARNING * * *
You hit the adder but do no damage.
The adder is lightly wounded.
The adder bites you.
You die...

Skill      XL: |  1  2  3 |
---------------+----------+-----
Short Blades   | 2 3 4 |  4.5
Dodging        | |  2.4
Stealth        | |  4.0
Spellcasting   | |  2.1
Hexes          | |  3.0

Action                   || total
-------------------------++-------
Melee: Dagger            ||    49
 Cast: Ensorcelled Hiber ||     5
  Use: Potion            ||     2
 Stab: Sleeping          ||    22
Armor: Robe              ||     1
Dodge: Dodged            ||    20

Levels and vault maps discovered:
D:1:      psy_arrival_basics, layout_basic
D:2:      layout_basic, general_overflow_altar

Notes
Turn   | Place    | Note
-------+----------+-------------------------------------------
     0 | D:1      | Dracia the Kobold Enchanter began the quest for the Orb.
     0 | D:1      | Reached XP level 1. HP: 10/10 MP: 3/3
    92 | D:1      | Reached skill level 2 in Short Blades
   407 | D:1      | Reached XP level 2. HP: 15/15 MP: 5/5
   541 | D:1      | Reached skill level 3 in Short Blades
   614 | D:1      | Learned a level 2 spell: Ensorcelled Hibernation
   866 | D:1      | HP: 1/15 [hobgoblin/+0 club (7)]
   868 | D:1      | Reached XP level 3. HP: 1/19 MP: 1/6
  1326 | D:1      | Reached skill level 4 in Short Blades
  1565 | D:2      | Slain by an adder

Vanquished Creatures
  An adder (D:2)
  An ooze (D:1)
  A leopard gecko (D:1)
  3 bats (D:1)
  2 giant cockroaches (D:1)
  5 goblins
  5 hobgoblins
  A kobold (D:1)
  3 frilled lizards (D:1)
  6 rats
28 creatures vanquished.

Table legend: (Time is in decaauts)
 A = Elapsed time spent in this place.
 B = Non-inter-level travel time spent in this place.
 C = Inter-level travel time spent in this place.
 D = Time resting spent in this place.
 E = Time spent auto-exploring this place.
 F = Levels seen in this place.
 G = Mean time per level.
                   A        B        C        D        E       F      G
               +--------+--------+--------+--------+--------+-----+--------+
         Total |   1556 |   1550 |      6 |    540 |    833 |   2 |  778.0 |
       Dungeon |   1556 |   1550 |      6 |    540 |    833 |   2 |  778.0 |
               +--------+--------+--------+--------+--------+-----+--------+

Top non-repeatable levels by time:
     D:1: 1439 daAuts
     D:2: 117 daAuts

Table legend:
 A = Non-vault XP
 B = Vault XP
 C = Vault XP percentage of total XP
 D = Non-vault monster count
 E = Vault monster count
 F = Vault count percentage of total count
                 A         B        C        D         E       F
            +---------+---------+-------+---------+---------+-------
      Total |      62 |       0 |   0.0 |      28 |       0 |   0.0
            +---------+---------+-------+---------+---------+-------
        D:1 |      44 |       0 |   0.0 |      24 |       0 |   0.0
        D:2 |      18 |       0 |   0.0 |       4 |       0 |   0.0
            +---------+---------+-------+---------+---------+-------
